 Dungeon Crawl Stone Soup version 0.17-a0-1910-g4c791fa (webtiles) character file.

2595 Kusio the Bludgeoner (level 9, -5/84 HPs)
             Began as an Ogre Berserker on Sept 26, 2015.
             Was an Elder of Trog.
             Killed by divine providence
             ... invoked by an orc priest
              (15 damage)
             ... on level 8 of the Dungeon.
             The game lasted 00:24:27 (5975 turns).

Kusio the Bludgeoner (Ogre Berserker)               Turns: 5975, Time: 00:24:27

Health: -5/84      AC:  4    Str: 25    XL:     9   Next: 59%
Magic:  9/9        EV: 10    Int:  6    God:    Trog [****..]
Gold:   258        SH:  0    Dex: 11    Spells: 0 memorised, 8 levels left

rFire  . . .     SeeInvis +     B - +0 giant club
rCold  . . .     Clarity  .     v - +0 robe
rNeg   + . .     SustAt   .     (no shield)
rPois  .         Gourm    .     (helmet restricted)
rElec  .         Spirit   .     j - +0 cloak
rCorr  .         Warding  +     (gloves unavailable)
rMut   .         Stasis   .     (boots unavailable)
MR     +....                    m - amulet of warding
Stlth  +.........               i - ring of protection from magic
                                h - ring of see invisible

@: somewhat resistant to hostile enchantments, very unstealthy
A: unfitting armour, tough skin 1
a: Burn Spellbooks, Berserk, Trog's Hand, Brothers in Arms, Renounce Religion


You were on level 8 of the Dungeon.
You worshipped Trog.
Trog was greatly pleased with you.
You were hungry.

You visited 1 branch of the dungeon, and saw 8 of its levels.

You collected 258 gold pieces.

Inventory:

Hand weapons
 B - a +0 giant club (weapon)
Armour
 j - a +0 cloak (worn)
 v - a +0 robe (worn)
Jewellery
 h - a ring of see invisible (left hand)
 i - a ring of protection from magic (right hand)
 m - an amulet of warding (around neck)
 t - a +2 ring of intelligence
Magical devices
 x - a wand of frost (48)
 y - a wand of polymorph (17)
Scrolls
 a - a scroll of enchant weapon {unknown}
 d - 3 scrolls of fear
 e - a scroll of enchant armour {unknown}
 f - 2 scrolls of teleportation
 g - 3 scrolls of recharging
 q - a scroll of fog {unknown}
 u - a scroll of random uselessness {unknown}
 E - 2 scrolls of noise {unknown}
 G - 2 scrolls of remove curse
Potions
 k - 6 potions of curing
 n - 2 potions of brilliance
 o - 3 potions of flight
 s - 2 potions of resistance
 z - a potion of beneficial mutation {unknown}
 A - a potion of mutation {unknown}
 D - a potion of berserk rage {unknown}
 F - a potion of heal wounds
Comestibles
 b - 8 fruits
 c - 5 bread rations
 l - 2 meat rations
 p - a royal jelly
 r - 3 chunks of flesh
 w - a beef jerky


   Skills:
 - Level 4.0 Fighting
 + Level 15.9 Maces & Flails
 - Level 2.6 Dodging


You had 8 spell levels left.
You didn't know any spells.

Dungeon Overview and Level Annotations

Branches:
Dungeon (8/15)             Temple (0/1) D:7
   Lair: D:8-11

Altars:
Ashenzari
Makhleb
Okawaru
Trog
Xom


Innate Abilities, Weirdness & Mutations

You are too large for most types of armour.
You have tough skin (AC +1).


Message History

You kill the orc wizard!
Trog accepts your kill.
Trog appreciates your killing of a magic user.
Things that are here:
a dagger; a robe There isn't anything to butcher here.
An orc priest comes into view. It is wielding a short sword.
The orc priest shouts!
Items here: ))) [[ รท There isn't anything to butcher here.
The orc priest mumbles some strange prayers to Beogh against you.
Something smites you!
* * * LOW HITPOINT WARNING * * *
You see here a hand axe.
There isn't anything to butcher here.
You thump the orc priest!
The orc priest is severely wounded.
The orc priest invokes the aid of Beogh against you.
Something smites you!
You die...

#.###...#####.#
#.# ##..#
#######.# #..#
#.......# ##.#
#.#######
#.#####... #.#
#.).....#
####.# #
#.#####...
...<.# .o. #)#
.#####
..o..###@#
.......o.#
...............
.........#####.
#...###..# #..
#..# #. #..# .
...# ..##


You could see an orc priest.

Vanquished Creatures
  The ghost of Mulkerokala the Martial Artist, an experienced TeMo (D:5)
  Eustachio (D:5)
  2 ice beasts
  A phantom (D:6)
  A black bear (D:5)
  2 centaurs
  3 ogres
  A giant frog (D:6)
  2 scorpions (D:6)
  4 wights (D:6)
  3 crimson imps
  3 orc priests
  7 orc wizards
  Crazy Yiuf (D:3)
  2 hounds
  4 worker ants
  2 iguanas (D:5)
  Natasha (twice) (D:2)
  2 gnoll shamans (D:6)
  A hound skeleton (D:5)
  Robin (D:2)
  8 gnolls (D:6)
  4 adders
  2 shadow imps
  2 oozes
  An adder zombie (D:5)
  An adder skeleton (D:4)
  3 worms
  7 giant geckos
  18 orcs
  5 bats
  4 giant cockroaches
  8 hobgoblins
  5 jackals
  5 kobolds
  A ball python (D:1)
  2 giant newts (D:2)
  12 goblins
  10 rats
144 creatures vanquished.

Notes
Turn   | Place    | Note
--------------------------------------------------------------
     0 | D:1      | Kusio the Ogre Berserker began the quest for the Orb.
     0 | D:1      | Reached XP level 1. HP: 24/24 MP: 1/1
   277 | D:1      | Reached XP level 2. HP: 25/32 MP: 2/2
   334 | D:1      | Reached skill level 5 in Maces & Flails
   883 | D:2      | Found a burning altar of Makhleb.
   949 | D:2      | Reached XP level 3. HP: 32/39 MP: 3/3
   966 | D:2      | Noticed Robin
   984 | D:2      | Acquired Trog's second power
  1006 | D:2      | Killed Robin
  1006 | D:2      | Reached skill level 6 in Maces & Flails
  1176 | D:2      | Reached XP level 4. HP: 24/48 MP: 4/4
  1202 | D:2      | Noticed Natasha
  1222 | D:2      | Killed Natasha
  1438 | D:2      | Noticed Natasha
  1441 | D:2      | Killed Natasha
  1441 | D:2      | Reached skill level 7 in Maces & Flails
  1706 | D:3      | Reached XP level 5. HP: 39/54 MP: 5/5
  1707 | D:3      | Reached skill level 8 in Maces & Flails
  1729 | D:3      | HP: 2/54 [orc priest/divine providence (11)]
  1734 | D:3      | HP: 2/54 [bat (1)]
  2119 | D:3      | Reached XP level 6. HP: 39/62 MP: 6/6
  2293 | D:3      | Reached skill level 9 in Maces & Flails
  2395 | D:3      | Noticed Crazy Yiuf
  2400 | D:3      | Killed Crazy Yiuf
  3112 | D:4      | Reached skill level 10 in Maces & Flails
  3112 | D:4      | Reached XP level 7. HP: 40/70 MP: 7/7
  3676 | D:5      | Entered Level 5 of the Dungeon
  3693 | D:5      | Found a shattered altar of Ashenzari.
  3730 | D:5      | Reached skill level 11 in Maces & Flails
  3773 | D:5      | Noticed Mulkerokala's ghost (experienced TeMo)
  3794 | D:5      | Killed Mulkerokala's ghost
  3794 | D:5      | Reached skill level 12 in Maces & Flails
  3794 | D:5      | Reached XP level 8. HP: 41/78 MP: 8/8
  3888 | D:5      | Noticed Eustachio
  3902 | D:5      | Killed Eustachio
  3902 | D:5      | Acquired Trog's third power
  3963 | D:5      | Reached skill level 13 in Maces & Flails
  4231 | D:5      | Noticed Prince Ribbit
  4232 | D:5      | Noticed Prince Ribbit
  4232 | D:5      | Prince Ribbit changed into Prince Ribbit the black bear
  4238 | D:5      | Killed Prince Ribbit the black bear
  4371 | D:5      | Found a shimmering altar of Xom.
  4453 | D:6      | Found an iron altar of Okawaru.
  4485 | D:6      | Reached skill level 14 in Maces & Flails
  4503 | D:6      | Reached XP level 9. HP: 63/84 MP: 9/9
  4758 | D:6      | Reached skill level 15 in Maces & Flails
  5245 | D:7      | Found a staircase to the Ecumenical Temple.
  5731 | D:7      | Found a bloodstained altar of Trog.
  5975 | D:8      | Killed from afar by an orc priest

Vault maps used:
D:1:      minmay_arrival_floating_metal
D:2:      bloody_makhleb, hangedman_decor_push, uniq_natasha, uniq_robin
D:3:      first_bread, uniq_crazy_yiuf_cottage
D:4:      kennysheep_potato
D:5:      kennysheep_little_box, evilmike_ruin_ashenzari, serial_bayou_pond_e,
          uniq_eustachio, uniq_prince_ribbit1
D:6:      okawaru_ov_weapons_minmay
D:7:      lightli_temple_of_fire, minmay_temple_entry_large_hall
D:8:      kiku_gazebo_garden_becter, overflow_temple_1_default, serial_shops,
          shop_scrolls

Action                   |  1- 3 |  4- 6 |  7- 9 || total
-------------------------+-------+-------+-------++-------
Melee: Mace              |    97 |   161 |   177 ||   435
       Giant club        |       |       |   130 ||   130
Invok: Berserk           |     1 |     3 |     4 ||     8
Evoke: Wand              |       |       |     1 ||     1
  Use: Potion            |     3 |       |       ||     3
       Scroll            |       |     6 |     3 ||     9
 Stab: Distracted        |       |       |     1 ||     1
  Eat: Chunk             |     2 |     9 |    13 ||    24
